 Dungeon Crawl Stone Soup version 0.30.1-3-gfc49f6343a (webtiles) character file.

Game seed: 17712476853062894209

889 Destapler the Covered (level 7, -1/64 HPs)
             Began as a Minotaur Fighter on July 20, 2023.
             Was a Priest of Uskayaw.
             Slain by a gnoll
             ... wielding a +0 halberd
             ... led by a gnoll bouda
              (8 damage)
             ... on level 6 of the Dungeon.
             The game lasted 00:06:44 (4992 turns).

Destapler the Covered (Minotaur Fighter)            Turns: 4992, Time: 00:06:45

Health: -1/64      AC:  7    Str: 21    XL:     7   Next: 77%
Magic:  9/15       EV:  9    Int:  5    God:    Uskayaw [***...]
Gold:   327        SH:  5    Dex: 11    Spells: 6/6 levels left

rFire   . . .        a - +0 war axe
rCold   . . .        c - +0 buckler
rNeg    . . .        b - +0 scale mail
rPois   .            (helmet restricted)
rElec   .            s - scarf {+Inv}
rCorr   .            (no gloves)
SInv    .            (no boots)
Will    .....        (no amulet) Stlth
                     u - ring of magical power
HPRegen 0.30/turn    (no ring)
MPRegen 0.14/turn

%: no passive effects
@: no status effects
A: horns 2, retaliatory headbutt
a: Renounce Religion, Evoke Invisibility, Stomp, Line Pass


You were on level 6 of the Dungeon.
You worshipped Uskayaw.
Uskayaw was noncommittal.
You visited 1 branch of the dungeon, and saw 6 of its levels.

You collected 327 gold pieces.

Inventory:

Hand Weapons
 a - a +0 war axe (weapon)
 v - a +2 short sword of venom
Missiles
 k - 9 poisoned darts (quivered)
 w - 10 atropa-tipped darts
Armour
 b - a +0 scale mail (worn)
 c - a +0 buckler (worn)
 s - a scarf of invisibility (worn)
Jewellery
 u - a ring of magical power (left hand)
 A - a ring of protection from fire
Scrolls
 g - 2 scrolls of immolation {unknown}
 h - a scroll of magic mapping {unknown}
 j - a scroll of fear {unknown}
 l - a scroll of amnesia {unknown}
 m - a scroll of enchant armour {unknown}
 n - a scroll of fog {unknown}
 q - a scroll of summoning {unknown}
 x - a scroll of teleportation {unknown}
 y - a scroll of brand weapon {unknown}
 B - 3 scrolls of identify {unknown}
Potions
 d - a potion of might
 e - 4 potions of curing
 f - 3 potions of attraction {unknown}
 i - a potion of magic {unknown}
 o - 4 potions of haste {unknown}
 p - a potion of degeneration {unknown}
 r - 2 potions of lignification {unknown}
 t - 4 potions of heal wounds {unknown}
 z - 2 potions of mutation {unknown}


   Skills:
 + Level 6.4 Fighting
 + Level 5.7 Axes
 + Level 6.4 Armour
 + Level 6.4 Shields


You had 6 spell levels left.
You didn't know any spells.
Your spell library contained the following spells:

 Spells                   Type           Power      Damage    Failure   Level
 Apportation              Tloc           0%         N/A       85%         1
 Foxfire                  Conj/Fire      0%         2x1d4     85%         1
 Volatile Blastmotes      Fire/Tloc      0%         2d10      99%         3
 Fulminant Prism          Conj/Hex       0%         3d5       100%        4
 Iskenderun's Mystic Bla  Conj/Tloc      0%         2d3       100%        4
 Alistair's Intoxication  Tmut/Pois      0%         N/A       100%        5
 Blade Hands              Tmut           0%         N/A       100%        5
 Fireball                 Conj/Fire      0%         3d3       100%        5
 Irradiate                Conj/Tmut      0%         3d11      100%        5
 Lee's Rapid Deconstruct  Erth           0%         3d4*      100%        5
 Plasma Beam              Fire/Air       0%         2x1d11    100%        6
 Starburst                Conj/Fire      0%         6d3       100%        6
 Dragon Form              Tmut           0%         N/A       100%        7


Dungeon Overview and Level Annotations

Branches:
Dungeon (6/15)             Temple (0/1) D:6

Altars:
Ashenzari
Dithmenos
Elyvilon
Fedhas
Gozag
Hepliaklqana
Qazlal
Uskayaw
Vehumet
Wu Jian
Yredelemnul
Zin
The Shining One

Shops:
D:1 :   D:4 (


Innate Abilities, Weirdness & Mutations

You have a pair of horns on your head.
You reflexively headbutt those who attack you in melee.


Message History

The gnoll hits you with a +0 club. The gnoll hits you with a +0 flail.
* * * LOW HITPOINT WARNING * * *
You slash the sleepcap!
You destroy the sleepcap!
You completely miss the gnoll. You barely miss the gnoll.
The gnoll bouda seems less confused.
The gnoll hits you from afar with a +0 halberd!
* * * LOW HITPOINT WARNING * * *
The gnoll hits you but does no damage. The gnoll barely misses you.
The gnoll bouda calls upon its god to heal the gnoll.
The gnoll's wounds heal themselves!
The gnoll closely misses you.
You stomp with the beat, sending a shockwave through the revellers around you!
The gnoll is heavily wounded. x2
You kill the gnoll bouda!
The gnoll hits you with a +0 club.
* * * LOW HITPOINT WARNING * * *
The gnoll barely misses you.
The gnoll hits you from afar with a +0 halberd!
* * * LOW HITPOINT WARNING * * *
It was a potion of curing.
You feel better. The gnoll barely misses you. You furiously retaliate!
You headbutt the gnoll!
You kill the gnoll!
The gnoll hits you with a +0 flail.
* * * LOW HITPOINT WARNING * * *
The gnoll barely misses you.
Uskayaw will force your foes to helplessly watch your dance.
Uskayaw prepares the audience for your solo!
The helpless gnoll fails to defend itself.
You slash the gnoll!
You kill the gnoll!
The gnoll is no longer paralysed.
The gnoll hits you from afar with a +0 halberd.
* * * LOW HITPOINT WARNING * * *
You block the gnoll's attack.
Things that are here:
a +0 club; a +0 leather armour You barely miss the gnoll.
The gnoll is moderately wounded.
The gnoll hits you with a +0 halberd!
You die...

#<.[.)#....#............#
#.....#....#............#
#.....#....##...###..#..#
#.....#....########..####
#.....#...............#
#.....#...............#
#.<...#...............#
#.....#..g.#########+##
#.....#.)@.##...
#.....#..).......
#.....#..........
#.....#..........
#.....#..........
#.....#..........
#.....#..........
#.....#..........
#.....##########


You could see a gnoll (swift).

Vanquished Creatures
  A phantom (D:5)
  Blork the orc (D:6)
  3 scorpions
  3 killer bees (D:6)
  A hound (D:5)
  A sleepcap (D:6)
  A gnoll bouda (D:6)
  3 iguanas
  6 gnolls
  10 adders
  An ufetubus (D:4)
  3 dart slugs
  10 orcs
  6 ball pythons
  9 bats
  9 endoplasms
  4 giant cockroaches
  4 goblins
  12 hobgoblins
  4 jackals (D:2)
  9 kobolds
  6 quokkas
  2 frilled lizards
  3 rats
112 creatures vanquished.

Notes
Turn   | Place    | Note
-------+----------+-------------------------------------------
     0 | D:1      | Destapler the Minotaur Fighter began the quest for the Orb.
     0 | D:1      | Reached XP level 1. HP: 19/19 MP: 0/0
    43 | D:1      | Found Onuph's Book Shoppe.
   306 | D:1      | Reached XP level 2. HP: 27/27 MP: 1/1
  1112 | D:2      | Reached XP level 3. HP: 33/33 MP: 2/2
  1761 | D:2      | Reached XP level 4. HP: 40/40 MP: 3/3
  2262 | D:3      | Reached XP level 5. HP: 47/47 MP: 4/4
  2318 | D:3      | Found a faded altar of an unknown god.
  2328 | D:3      | Prayed at the altar of an unknown god.
  2328 | D:3      | Became a worshipper of Uskayaw the Reveller
  2328 | D:3      | Reached * piety under Uskayaw
  2468 | D:4      | Reached ** piety under Uskayaw
  2681 | D:4      | Found Iciecsaj's Weapon Emporium.
  2709 | D:4      | Found a shadowy altar of Dithmenos.
  2970 | D:4      | Reached skill level 5 in Shields
  3035 | D:4      | Found an ornate altar of the Wu Jian Council.
  3090 | D:4      | Found a broken altar of Ashenzari.
  3321 | D:4      | Reached skill level 5 in Fighting
  3321 | D:4      | Reached skill level 5 in Armour
  3551 | D:5      | Entered Level 5 of the Dungeon
  3551 | D:5      | Found a blossoming altar of Fedhas.
  3551 | D:5      | Found a stormy altar of Qazlal.
  3551 | D:5      | Found a glowing silver altar of Zin.
  3551 | D:5      | Found a radiant altar of Vehumet.
  3551 | D:5      | Found a basalt altar of Yredelemnul.
  3551 | D:5      | Found an opulent altar of Gozag.
  3553 | D:5      | Found a glowing golden altar of the Shining One.
  3553 | D:5      | Found a hide-covered altar of Uskayaw.
  3553 | D:5      | Found a hazy altar of Hepliaklqana.
  3679 | D:5      | Reached XP level 6. HP: 54/56 MP: 5/5
  4255 | D:5      | Found a white marble altar of Elyvilon.
  4281 | D:6      | Found a staircase to the Ecumenical Temple.
  4284 | D:6      | Noticed Blork the orc
  4294 | D:6      | Killed Blork the orc
  4295 | D:6      | Reached skill level 5 in Axes
  4295 | D:6      | Reached XP level 7. HP: 41/62 MP: 6/6
  4441 | D:6      | Reached *** piety under Uskayaw
  4444 | D:6      | Reached **** piety under Uskayaw
  4581 | D:6      | Noticed a two-headed ogre
  4992 | D:6      | Slain by a gnoll

Illustrated notes

Levels and vault maps discovered:
D:1:      psy_arrival_heroes, layout_basic, serial_forest,
          infiniplex_forest_zigzag_2, infiniplex_forest_straight_3,
          infiniplex_forest_side_room, infiniplex_forest_end_2,
          infiniplex_forest_lined_3, infiniplex_forest_lined_2, serial_shops,
          shop, minmay_misc_feat_diagonals, st_stairs_1
D:2:      layout_basic, hangedman_decor_riveting, serial_park_tiny_2,
          hangedman_feature_mirror, minmay_circle_x
D:3:      layout_rooms, dreamdust_ecumenical_altar_sealed_demon,
          minmay_close_crescents
D:4:      layout_loops_ring, pdpol_wu_jian_five_deadly_venoms,
          nicolae_ashenzari_skybound, lemuel_tele_altar, serial_shops,
          nicolae_shop_bloodbath_and_beyond
D:5:      layout_loops_ring, overflow_temple_1_default,
          nicolae_overflows_in_rows
D:6:      layout_gridville, mainiacjoe_overflow_boulevard,
          minmay_temple_entry_waves, uniq_blork_the_orc

Skill      XL: |  1  2  3  4  5  6  7 |
---------------+----------------------+-----
Fighting       | 4 5 6 |  6.4
Shields        | 4 5 6 |  6.4
Armour         | 4 5 6 |  6.4
Axes           | 3 4 5 |  5.7

Action                     |  1- 3 |  4- 6 |  7- 9 || total
---------------------------+-------+-------+-------++-------
  Melee: War axe           |   128 |   149 |    22 ||   299
         Headbutt          |    25 |    22 |     3 ||    50
  Throw: Dart              |       |       |     2 ||     2
 Invoke: Line Pass         |       |     1 |     1 ||     2
         Stomp             |       |       |     1 ||     1
    Use: Potion            |       |       |     1 ||     1
   Stab: Paralysed         |       |       |     4 ||     4
 Armour: Scale mail        |    50 |    70 |    11 ||   131
  Dodge: Dodged            |    39 |    56 |    22 ||   117
  Block: Buckler           |    22 |    37 |     9 ||    68
